 Dungeon Crawl Stone Soup version 0.30-a0-304-gdc4b735fe1 (webtiles) character file.

Game seed: 15474343195260973076

7 MrRokkomies the Sneak (level 1, 0/19 HPs)
             Began as an Armataur Delver on Oct 20, 2022.
             Slain by a hobgoblin (2 damage)
             ... on level 4 of the Dungeon.
             The game lasted 00:01:15 (96 turns).

MrRokkomies the Sneak (Armataur Delver)               Turns: 96, Time: 00:01:16

Health: 0/19       AC:  5    Str: 17    XL:     1   Next: 83%
Magic:  1/1        EV:  9    Int: 10    God:
Gold:   7          SH:  0    Dex: 11    Spells: 0/0 levels left

rFire   . . .      SeeInvis .    a - +0 mace
rCold   . . .      Faith    .    (no shield)
rNeg    . . .      Spirit   .    b - +0 leather armour
rPois   .          Reflect  .    (no helmet)
rElec   .          Harm     .    (no cloak)
rCorr   .          Roll     +    h - +0 pair of gloves
Will    .....                    (no barding)
Stlth   +++.......               (no amulet)
HPRegen 0.23/turn                (no ring)
MPRegen 0.07/turn                (no ring)

@: no status effects
A: large, rugged brown scales 3, deformed body, armoured tail, roll, long
tongue, awkward tongue
a: no special abilities


You were on level 4 of the Dungeon.
You visited 1 branch of the dungeon, and saw 2 of its levels.

You collected 7 gold pieces.

Inventory:

Hand Weapons
 a - a +0 mace (weapon)
Missiles
 j - 5 poisoned darts (quivered)
Armour
 b - a +0 leather armour (worn)
 h - a +0 pair of gloves (worn)
Wands
 g - a wand of digging (3)
Scrolls
 c - a scroll of fog
 d - a scroll of magic mapping
 e - a scroll of fear
 k - a scroll of enchant armour {unknown}
Potions
 f - a potion of haste
 i - a potion of mutation {unknown}


   Skills:
 * Level 2.8 Fighting
 + Level 1.9 Maces & Flails
 * Level 0.9 Armour
 + Level 1.5 Dodging
 - Level 5.4 Stealth


You couldn't memorise any spells.
You didn't know any spells.
Your spell library was empty.

Dungeon Overview and Level Annotations

Branches:
Dungeon (5/15)
 Temple: D:4-7

Altars:

Annotations:
D:5 Blork the orc


Innate Abilities, Weirdness & Mutations

You are completely covered in rugged brown scales. (AC +3, +7% HP)
Armour fits poorly on your strangely shaped body.
You have a long armoured tail.
You roll when moving toward enemies. (Rampage)
Your long tongue fully drains potion bottles. (2x potion effects)
Your tongue gives you trouble enunciating. (1.5x scroll delay)


Message History

You are too injured to fight recklessly!
You are too injured to fight recklessly!
Unknown command.
You feel sick. The adder attacks as you move away!
The adder bites you but does no damage.
You feel sick.
You are no longer poisoned.
The adder bites you but does no damage.
Things that are here:
a +0 club; a goblin corpse You barely miss the adder.
The adder closely misses you.
You closely miss the adder. The adder closely misses you.
The hobgoblin barely misses you. The adder bites you. The hobgoblin hits you.
You hit the adder but do no damage. The adder bites you but does no damage.
The hobgoblin hits you but does no damage.
The adder bites you but does no damage.
You barely miss the adder.
The hobgoblin hits you but does no damage.
The adder bites you but does no damage.
You closely miss the adder.
Your tail-slap misses the adder.
The adder bites you. The hobgoblin barely misses you. The hobgoblin hits you.
* * * LOW HITPOINT WARNING * * *
The adder closely misses you. The hobgoblin hits you.
* * * LOW HITPOINT WARNING * * *
The hobgoblin hits you but does no damage.
You completely miss the adder. The adder closely misses you.
The hobgoblin closely misses you. The hobgoblin barely misses you.
The adder barely misses you.
You miss the adder. The adder barely misses you.
The hobgoblin hits you but does no damage.
The hobgoblin closely misses you. The adder barely misses you.
You hit the adder.
The adder is moderately wounded.
The hobgoblin hits you.
* * * LOW HITPOINT WARNING * * *
The hobgoblin hits you but does no damage.
The adder bites you but does no damage.
The hobgoblin hits you but does no damage.
The hobgoblin hits you.
You die...

......#...............#
.......................
...#...................
.........#.....#####
...............##
..............##
.#............#
#............#
..........g@# ......gS#
.......w#
...............
.#####.........
#......?.. #.........
##########


You could see an adder, a dart slug and 2 hobgoblins.

Vanquished Creatures
  An orc (D:4)
  2 goblins (D:4)
  2 ball pythons (D:4)
5 creatures vanquished.

Notes
Turn   | Place    | Note
-------+----------+-------------------------------------------
     0 | D:5      | MrRokkomies the Armataur Delver began the quest for the
                  | Orb.
     0 | D:5      | Reached XP level 1. HP: 19/19 MP: 1/1
    15 | D:5      | Noticed Blork the orc
    15 | D:5      | Noticed a phantom
    96 | D:4      | Slain by a hobgoblin

Illustrated notes

Levels and vault maps discovered:
D:4:      kennysheep_big_flooded_room, layout_basic,
          nicolae_tso_swordbearing_angel, minmay_cupped
D:5:      layout_basic, temple_hall, serial_corexii_hall,
          corexii_hall_statues_x, chequers_hall_statues_y,
          minmay_fire_ice_demons, uniq_blork_the_orc

Action                   || total
-------------------------++-------
Melee: Mace              ||    19
       Tailslap          ||     3
       Punch             ||     1
 Stab: Sleeping          ||     1
Armor: Leather armour    ||    17
Dodge: Dodged            ||    14

Table legend: (Time is in decaauts)
 A = Elapsed time spent in this place.
 B = Non-inter-level travel time spent in this place.
 C = Inter-level travel time spent in this place.
 D = Time resting spent in this place.
 E = Time spent auto-exploring this place.
 F = Levels seen in this place.
 G = Mean time per level.
                   A        B        C        D        E       F      G
               +--------+--------+--------+--------+--------+-----+--------+
         Total |    101 |    101 |      0 |      0 |     20 |   2 |   50.5 |
       Dungeon |    101 |    101 |      0 |      0 |     20 |   2 |   50.5 |
               +--------+--------+--------+--------+--------+-----+--------+

Top non-repeatable levels by time:
     D:4: 73 daAuts
     D:5: 28 daAuts
